 Dungeon Crawl Stone Soup version 0.30-a0-368-g86fb4627a9 (webtiles) character file.

Game seed: 8112534424183821159

5616 JOEMAMA2 the Cleaver (level 10, -3/91 HPs)
             Began as a Minotaur Berserker on Nov 20, 2022.
             Was an Elder of Trog.
             Succumbed to Sonja's curare-tipped dart
             ... on level 8 of the Dungeon.
             The game lasted 00:16:42 (7584 turns).

JOEMAMA2 the Cleaver (Minotaur Berserker)           Turns: 7584, Time: 00:16:43

Health: -3/91      AC: 22    Str: 27    XL:     10   Next: 45%
Magic:  9/9        EV:  8    Int:  4    God:    Trog [****..]
Gold:   342        SH:  0    Dex:  9    Spells: 9/9 levels left

rFire   . . .      SeeInvis .    w - +0 broad axe
rCold   + . .      Faith    .    (no shield)
rNeg    . . .      Spirit   .    o - +0 plate armour
rPois   .          Reflect  .    y - +2 hat
rElec   .          Harm     .    (no cloak)
rCorr   .          Rampage  .    j - +0 pair of gloves
Will    .....                    b - +3 pair of mountain boots {steadfast, rC+}
Stlth   ..........               (no amulet)
HPRegen 0.35/turn                (no ring)
MPRegen 0.11/turn                (no ring)

@: lethally poisoned (-3 -> -20), on berserk cooldown, slowed, very slow
A: horns 2, retaliatory headbutt
a: Renounce Religion, Berserk, Trog's Hand, Brothers in Arms


You were on level 8 of the Dungeon.
You worshipped Trog.
Trog was greatly pleased with you.
You visited 2 branches of the dungeon, and saw 9 of its levels.
You also visited: Sewer.

You collected 447 gold pieces.
You spent 105 gold pieces at shops.

Inventory:

Hand Weapons
 r - a +0 war axe
 w - a +0 broad axe (weapon)
Missiles
 x - 2 throwing nets (quivered)
Armour
 b - the +3 pair of mountain boots (worn) {steadfast, rC+}
   (You acquired it on level 2 of the Dungeon)

   It prevents involuntary movement, except for blinking, teleportation, or
   banishment.
   rC:        It protects you from cold.
 j - a +0 pair of gloves (worn)
 o - a +0 plate armour (worn)
 y - a +2 hat (worn)
Jewellery
 a - a ring of positive energy
 q - a ring of positive energy
 s - a ring of resist corrosion
Wands
 i - a wand of roots (9)
 u - a wand of paralysis (14)
 v - a wand of acid (3)
Scrolls
 c - 5 scrolls of identify
 e - 2 scrolls of magic mapping
 g - 2 scrolls of silence
 k - 2 scrolls of blinking
 l - a scroll of summoning {unknown}
 n - a scroll of enchant weapon
 t - a scroll of teleportation
 z - a scroll of fear
Potions
 d - a potion of magic
 f - 4 potions of might
 h - a potion of curing
 m - a potion of attraction {unknown}
 p - a potion of mutation {unknown}


   Skills:
 + Level 9.2 Fighting
 + Level 13.7 Axes
 + Level 9.8 Armour
 + Level 3.3 Dodging
 + Level 1.1 Stealth


You had 9 spell levels left.
You didn't know any spells.
Your spell library was empty.

Dungeon Overview and Level Annotations

Branches:
Dungeon (8/15)             Temple (0/1) D:6            Lair (1/5) D:8
  Sewer (visited)

Altars:
Dithmenos
Fedhas
Kikubaaqudgha
Trog
Xom

Shops:
D:6 ?

Annotations:
Lair:1 Sonja


Innate Abilities, Weirdness & Mutations

You have a pair of horns on your head.
You reflexively headbutt those who attack you in melee.


Message History

You barely miss the polar bear.
The polar bear is moderately wounded.
You feel very sick.
Sonja throws a curare-tipped dart.
The curare-tipped dart hits you.
You are more poisoned.
You have difficulty breathing.
You feel yourself slow down. The polar bear bites you!
* * * LOW HITPOINT WARNING * * *
The polar bear claws you but does no damage. x2
You slash the polar bear!
The polar bear is severely wounded.
* * * LOW HITPOINT WARNING * * *
You feel extremely sick.
Sonja bows elegantly.
You slice the polar bear!!
You kill the polar bear!
Trog accepts your kill.
* * * LOW HITPOINT WARNING * * *
You feel very sick.
Sonja gestures wildly while chanting.
Sonja blinks!
* * * LOW HITPOINT WARNING * * *
You feel very sick.
There is a staircase back to the Dungeon, spattered with blood here.
You see here a bullfrog corpse.
You feel a strong urge to attack something.
You feel very sick.
Sonja throws a curare-tipped dart.
The curare-tipped dart hits you.
You are lethally poisoned!
You have difficulty breathing.
* * * LOW HITPOINT WARNING * * *
You feel as though you will be slow longer.
You climb upwards.
Welcome back to the Dungeon!
* * * LOW HITPOINT WARNING * * *
You feel extremely sick.
There is a staircase to the Lair here.
You feel your anger nearly subside.
You are no longer berserk.
You are exhausted.
You feel as though you will be slow longer.
You die...

..####
#...##.....#.####.#####
.##
##....P................
.###
##.P.P......#.##########
...# ###.......P...#.#
##.# ##.......P.....P.#
##.####)[.....PP.......#
.....)).....♣...P......#
##.#####...P........P..#
#.# #.....P♣>@..P..P####
#.# ##♣.P....♣..P.......#
#.####.....P..P..P....#..#
#............P.P.P....#..#
#..###.#P...P...P...P....#
##).#
#.##.(.......P.####.#
....# #.###.........## #.#
#...# #.# #...♣..P### #.#
.#..# #.# ###.##.## #.#


There were no monsters in sight!

Vanquished Creatures
  Maggie (D:8)
  A polar bear (Lair:1)
  3 wyverns
  6 yaks (D:8)
  Edmund (D:6)
  4 water moccasins
  2 orc warriors (D:7)
  2 black bears (Lair:1)
  2 ice beasts
  3 ogres
  2 centaurs
  A kobold brigand (D:8)
  2 bullfrogs
  2 gnoll sergeants
  5 necrophages
  5 scorpions
  5 wights (D:8)
  5 killer bees (D:6)
  A vampire bat (D:3)
  An electric eel (D:8)
  2 jellies
  2 hounds (D:6)
  3 orc priests
  3 orc wizards
  5 iguanas
  A hell rat (Sewer)
  7 gnolls
  12 adders
  2 river rats (Sewer)
  A white imp (D:7)
  An ufetubus (D:5)
  2 worms
  3 fire bats (D:3)
  22 orcs
  2 spectral bats (D:3)
  10 bats
  A bat simulacrum (D:3)
  3 bat skeletons (D:3)
  A bat zombie (D:3)
  3 endoplasms
  5 giant cockroaches
  6 goblins
  8 hobgoblins
  7 jackals
  9 kobolds
  3 quokkas
  6 ball pythons
  4 frilled lizards
  9 rats
197 creatures vanquished.

Vanquished Creatures (collateral kills)
  A scorpion (D:8)
  7 orcs
8 creatures vanquished.

Vanquished Creatures (others)
  2 fungi (D:8)
  13 plants (D:8)
15 creatures vanquished.

Grand Total: 220 creatures vanquished

Notes
Turn   | Place    | Note
-------+----------+-------------------------------------------
     0 | D:1      | JOEMAMA2 the Minotaur Berserker began the quest for the
                  | Orb.
     0 | D:1      | Reached XP level 1. HP: 19/19 MP: 0/0
   267 | D:1      | Found a faded altar of an unknown god.
   501 | D:1      | Reached XP level 2. HP: 27/27 MP: 1/1
   776 | D:2      | Reached skill level 4 in Axes
   938 | D:2      | Reached XP level 3. HP: 31/34 MP: 2/2
  1117 | D:2      | Reached ** piety under Trog
  1510 | D:2      | Identified a scroll of acquirement
  1510 | D:2      | Acquired the +3 pair of mountain boots {steadfast, rC+}
  1510 | D:2      | Found the +3 pair of mountain boots {steadfast, rC+}
  1659 | D:3      | Reached XP level 4. HP: 38/41 MP: 3/3
  1715 | D:3      | Reached skill level 5 in Axes
  1717 | D:3      | Reached XP level 5. HP: 47/47 MP: 4/4
  1759 | D:3      | Found a bloodstained altar of Trog.
  1759 | D:3      | Found an ancient bone altar of Kikubaaqudgha.
  1760 | D:3      | Found a shadowy altar of Dithmenos.
  1913 | D:3      | Reached skill level 5 in Fighting
  2014 | D:3      | Reached skill level 6 in Axes
  2014 | D:3      | Reached XP level 6. HP: 56/56 MP: 5/5
  2088 | D:3      | Reached *** piety under Trog
  2383 | D:4      | Found a shimmering altar of Xom.
  2518 | D:4      | Reached skill level 7 in Axes
  2681 | D:4      | Reached XP level 7. HP: 60/61 MP: 6/6
  2777 | D:4      | Reached skill level 5 in Armour
  3136 | D:5      | Entered Level 5 of the Dungeon
  3271 | D:5      | Found a blossoming altar of Fedhas.
  3462 | D:5      | Reached skill level 8 in Axes
  3572 | D:5      | Found a glowing drain.
  3633 | Sewer    | Entered a sewer
  4193 | D:5      | Reached XP level 8. HP: 70/70 MP: 7/7
  4453 | D:6      | Reached **** piety under Trog
  4458 | D:6      | Noticed Edmund
  4470 | D:6      | Killed Edmund
  4471 | D:6      | Reached skill level 9 in Axes
  4541 | D:6      | Found a staircase to the Ecumenical Temple.
  4775 | D:6      | Reached skill level 10 in Axes
  5099 | D:6      | Found Iphureol's Magic Scroll Emporium.
  5120 | D:6      | Bought a scroll of enchant weapon for 105 gold pieces
  5534 | D:7      | Reached XP level 9. HP: 69/80 MP: 8/8
  6076 | D:7      | Reached skill level 11 in Axes
  6553 | D:8      | Reached skill level 1 in Stealth
  6567 | D:8      | Reached skill level 12 in Axes
  6573 | D:8      | Reached XP level 10. HP: 91/91 MP: 9/9
  6576 | D:8      | Found a staircase to the Lair.
  6620 | D:8      | Noticed Maggie
  6634 | D:8      | Killed Maggie
  6967 | D:8      | Reached skill level 13 in Axes
  7561 | Lair:1   | Entered Level 1 of the Lair of Beasts
  7565 | Lair:1   | Noticed Sonja
  7583 | D:8      | HP: 1/136 [poisoned by Sonja (curare-tipped dart)]
  7584 | D:8      | Succumbed to Sonja's curare-tipped dart

Illustrated notes

Levels and vault maps discovered:
D:1:      eino_arrival_cavern_d, layout_basic,
          hellmonk_ecumenical_altar_lost_god
D:2:      minmay_door_path, layout_basic, minivault_23
D:3:      layout_basic, gammafunk_temple_overflow_claw, goddamned_bats
D:4:      kennysheep_spiral_hall, layout_basic, xom_teletrap_fun
D:5:      layout_loops_ring, amcnicky_altar_gilded, gup_sewer_entry_glass,
          minmay_misc_feat_columns, corexii_leaking_fountain
D:6:      layout_cave_pools, minmay_temple_entry_stoned_glass, serial_shops,
          kennysheep_mini_moat, uniq_edmund
D:7:      layout_basic
D:8:      layout_loops_ring, minmay_lair_entry_grove, fountainhead, uniq_maggie
Lair:1:   layout_layer_cave, gammafunk_ghost_split, nicolae_lair_grazing_beasts
          [nicolae_sub_lair_graze_edge, nicolae_sub_lair_graze_edge,
          nicolae_sub_lair_graze_edge, nicolae_sub_lair_graze_edge],
          uniq_amaemon, uniq_sonja

Skill      XL: |  1  2  3  4  5  6  7  8  9 10 |
---------------+-------------------------------+-----
Axes           | 4 5 6 7 8 10 12 13 | 13.7
Fighting       | 4 5 6 7 9 |  9.2
Armour         | 3 4 5 7 9 |  9.8
Dodging        | 3 |  3.3
Stealth        | 1 |  1.1

Action                   |  1- 3 |  4- 6 |  7- 9 | 10-12 || total
-------------------------+-------+-------+-------+-------++-------
Melee: Hand axe          |    78 |    93 |       |       ||   171
       Headbutt          |    12 |    14 |    42 |    15 ||    83
       Punch             |     2 |       |       |     1 ||     3
       War axe           |       |       |   193 |       ||   193
       Broad axe         |       |       |    29 |    66 ||    95
Invok: Berserk           |       |     2 |     4 |     2 ||     8
       Brothers in Arms  |       |       |     1 |     1 ||     2
  Use: Scroll            |     8 |       |     7 |       ||    15
       Potion            |       |       |     7 |       ||     7
Armor: Chain mail        |    23 |       |       |       ||    23
       Animal skin       |     3 |       |       |       ||     3
       Plate armour      |    19 |   113 |   214 |    74 ||   420
Dodge: Dodged            |    48 |    52 |   124 |    38 ||   262

Table legend: (Time is in decaauts)
 A = Elapsed time spent in this place.
 B = Non-inter-level travel time spent in this place.
 C = Inter-level travel time spent in this place.
 D = Time resting spent in this place.
 E = Time spent auto-exploring this place.
 F = Levels seen in this place.
 G = Mean time per level.
                   A        B        C        D        E       F      G
               +--------+--------+--------+--------+--------+-----+--------+
         Total |   7676 |   7370 |    306 |    565 |   5065 |  10 |  767.6 |
       Dungeon |   7490 |   7184 |    306 |    532 |   5026 |   8 |  936.2 |
          Lair |     18 |     18 |      0 |      0 |      0 |   1 |   18.0 |
         Sewer |    167 |    167 |      0 |     33 |     39 |   1 |  167.0 |
               +--------+--------+--------+--------+--------+-----+--------+

Top non-repeatable levels by time:
     D:5: 1141 daAuts
     D:7: 1117 daAuts
     D:8: 1053 daAuts
     D:6: 1008 daAuts
     D:3: 838 daAuts
     D:4: 795 daAuts
     D:1: 768 daAuts
     D:2: 767 daAuts
   Sewer: 167 daAuts
  Lair:1: 18 daAuts
